 Dungeon Crawl Stone Soup version 0.27.1-4-g1640c2035a (webtiles) character file.

Game seed: 13343217812318735933

16457 belegose the Blocker (level 12, -11/95 HPs)
             Began as a Formicid Fighter on Nov 3, 2021.
             Was a High Priest of Zin.
             Hit by a silver javelin thrown by a minotaur (21 damage)
             ... in a Gauntlet.
             The game lasted 00:55:09 (18360 turns).

belegose the Blocker (Formicid Fighter)            Turns: 18360, Time: 00:55:10

Health: -11/95     AC: 25    Str: 23    XL:     12   Next: 70%
Magic:  2/25       EV:  3    Int: 21    God:    Zin [*****.]
Gold:   131        SH: 17    Dex: 12    Spells: 11/11 levels left

rFire    . . .     SeeInvis +   a - +6 shillelagh "Devastator" {shatter}
rCold    . . .     Faith    .   g - +0 tower shield
rNeg     . . .     Spirit   .   M - +0 crystal plate armour
rPois    +         Reflect  .   (helmet unavailable)
rElec    .         Harm     .   C - +0 cloak
rCorr    +         Rampage  +   O - +3 pair of gauntlets of War {Slay+5}
Will     +....                  (no boots)
Stlth    ..........             P - amulet "Uppan" {Acrobat Rampage Int+4}
HPRegen  0.25/turn              L - ring "Ihodel" {rPois MP+9 Int+6 Dex+2}
MPRegen  0.19/turn              B - ring of resist corrosion

@: very slightly contaminated, invisible
A: permanent stasis, dig shafts and tunnels, antennae 3, four strong arms
a: Dig, Renounce Religion, Recite, Vitalisation, Imprison, Sanctuary, Donate
Gold


You were in a Gauntlet.
You worshipped Zin.
Zin was extremely pleased with you.
You visited 2 branches of the dungeon, and saw 13 of its levels.
You also visited: Sewer, Bailey and Gauntlet.

You collected 778 gold pieces.
You spent 570 gold pieces at shops.
You donated 77 gold pieces to Zin.

Inventory:

Hand Weapons
 a - the +6 shillelagh "Devastator" (weapon) {shatter}
   (You found it on level 8 of the Dungeon)

   It releases a powerful concussive burst when it strikes, dealing extra damage
   to the target and all other foes adjacent to them.
 b - a +2 dagger of venom
 c - a +2 mace of holy wrath
 I - a +7 dire flail
 J - a +5 vorpal trident
Missiles
 f - 6 curare-tipped darts
 k - 346 stones
 s - 63 bolts
 t - 2 throwing nets
 x - 40 poisoned darts (quivered)
 N - 6 boomerangs
Armour
 g - a +0 tower shield (worn)
 n - a scarf of invisibility
 C - a +0 cloak (worn)
 M - a +0 crystal plate armour (worn)
 O - the +3 pair of gauntlets of War (worn) {Slay+5}
   (You bought it in a shop on level 6 of the Dungeon)

   Slay:      It affects your accuracy & damage with ranged weapons and melee
   (+5).
Jewellery
 B - a ring of resist corrosion (right hand)
 L - the ring "Ihodel" (left hand) {rPois MP+9 Int+6 Dex+2}
   (You found it in a bailey)

   [ring of intelligence]

   Int:       It affects your intelligence (+6).
   Dex:       It affects your dexterity (+2).
   rPois:     It protects you from poison.
   MP:        It affects your magic capacity (+9).
 P - the amulet "Uppan" (around neck) {Acrobat Rampage Int+4}
   (You found it in a Gauntlet)

   [amulet of the acrobat]

   It increases your evasion while moving and waiting.
   Int:       It affects your intelligence (+4).
   Rampage:   It bestows one free step when moving towards enemies.
Wands
 h - a wand of mindburst (9)
 o - a wand of iceblast (9)
 v - a wand of acid (16)
 F - a wand of flame (10)
 K - a wand of digging (2)
Scrolls
 e - a scroll of identify
 l - 2 scrolls of magic mapping
 m - a scroll of summoning
 p - a scroll of fear {unknown}
 w - 3 scrolls of fog
 y - 2 scrolls of holy word
 D - a scroll of enchant armour {unknown}
 E - a scroll of acquirement {unknown}
 H - a scroll of brand weapon {unknown}
Potions
 d - a potion of might
 i - 4 potions of heal wounds
 j - a potion of attraction
 q - a potion of invisibility
 r - 3 potions of flight
 u - 3 potions of brilliance
 z - 5 potions of curing
 A - a potion of degeneration
 G - a potion of magic


   Skills:
 + Level 9.1 Fighting
 - Level 3.0 Short Blades
 + Level 4.3(4.5) Maces & Flails
 - Level 2.0(3.4) Staves
 + Level 7.7 Throwing
 + Level 9.0 Armour
 + Level 9.5 Stealth
 + Level 9.9 Shields
 + Level 5.5 Invocations
 + Level 8.0 Evocations


You had 11 spell levels left.
You didn't know any spells.
Your spell library contained the following spells:

 Spells                   Type           Power      Damage    Failure   Level
 Magic Dart               Conj           0%         1d3       100%        1
 Searing Ray              Conj           0%         3d3       100%        2
 Slow                     Hex            0%         N/A       100%        2
 Confusing Touch          Hex            0%         N/A       100%        3
 Conjure Flame            Conj/Fire      0%         6-21      100%        3
 Ignite Poison            Fire/Tmut/Pois 0%         N/A       100%        3
 Mephitic Cloud           Conj/Pois/Air  0%         N/A       100%        3
 Fulminant Prism          Conj/Hex       0%         3d6       100%        4
 Sticky Flame             Conj/Fire      0%         2d3       100%        4
 Bolt of Magma            Conj/Fire/Erth 0%         4d4       100%        5
 Yara's Violent Unravell  Hex/Tmut       0%         3d3       100%        5


Dungeon Overview and Level Annotations

Branches:
Dungeon (12/15)            Temple (1/1) D:7            Lair (0/6) D:8
    Orc (0/2) D:11          Sewer (visited)          Bailey (visited)
Gauntlet (1/1)

Altars:
Ashenzari
Cheibriados
Dithmenos
Elyvilon
Gozag
Hepliaklqana
Okawaru
Qazlal
Ru
Sif Muna
Trog
Vehumet
Wu Jian
Xom
Zin
The Shining One

Shops:
D:4 =   D:6 [   D:10 [   D:12 !

Annotations:
D:6 1 runed translucent door, exclusion: door, ISoar's ghost, novice MiFi Gauntlet 8 transporters, exclusions: 2 obsidian statues and orange crystal statue


Innate Abilities, Weirdness & Mutations

You cannot be hasted, slowed, berserked, paralysed or teleported.
You can dig through walls and to a lower floor.
You have a pair of large antennae on your head. (SInv)
Your four strong arms can wield two-handed weapons with a shield.


Message History

You feel much better.
Unknown command.
You fade into invisibility!
You block the raiju's attack. x2; You block the minotaur's attack.
The minotaur gores you but does no damage.
You are very lightly contaminated with residual magic.
Unknown command.
The yak bellows!
You block the raiju's attack. x2
The minotaur hits you with the +6 quarterstaff of Laor Zim {antimagic, rElec rN+}!
* * * LOW HITPOINT WARNING * * *
You feel your power leaking away. The minotaur gores you!
* * * LOW HITPOINT WARNING * * *
The yak bellows!
The raiju completely misses you.
Unknown command.
The yak dissolves into shadows!
The raiju dissolves into shadows!
Unknown command.
The yak bellows!
You block the yak's attack. The yak misses you.
Unknown command.
The yak dissolves into shadows!
The minotaur throws a silver javelin.
The silver javelin pierces through the yak!
The yak dies!
The yak's corpse dissolves into shadows!
The silver javelin pierces through the raiju!
The silver javelin completely misses you.
Aiming: Corrosive Bolt
Press: ? - help, Shift-Dir - straight line, f - minotaur
Aim: a minotaur, wielding the +6 quarterstaff of Laor Zim {antimagic, rElec rN+}, wearing a +0 plate armour and quivering silver javelins (lightly wounded, 88% to hit)
The bolt of acid hits the raiju!!
The raiju is splashed with acid.
You kill the raiju!
The raiju's corpse dissolves into shadows!
The bolt of acid hits the minotaur!
The minotaur is splashed with acid.
The acid corrodes the minotaur!
The minotaur is moderately wounded.
The minotaur throws a silver javelin.
The silver javelin pierces through you!!
You die...

...............................≈#
♣P.P♣P.........P♣..P♣...♣...♣P.##
.....P....∩....................≈#
≈≈≈#..♣P.....P♣..#≈≈≈#≈≈≈#≈≈≈#≈≈≈
#≈###...........###≈###≈###≈###≈#
##################### ### ### ##
#.................#
#.♣.♣.©.©.©.©.♣.♣.#
#...........H..@..#
#####.###.###.#####
##.###.###.### #.............#
#.###.###.###.# #.............#
#######'####### #. Y.{{


You could see a minotaur (corroded).

Vanquished Creatures
  A fire giant (shapeshifter) (Gauntlet)
  A boulder beetle (D:11)
  2 hydras
  A manticore (D:11)
  A mana viper (shapeshifter) (Gauntlet)
  2 ugly things
  Joseph (D:10)
  3 gargoyles
  2 unseen horrors (D:10)
  A komodo dragon (D:8)
  A troll (D:6)
  Sigmund (D:6)
  2 wyverns
  11 yaks
  A shadow (D:9)
  2 steam dragons
  4 vampire mosquitoes (D:11)
  2 acid dragons
  2 water moccasins (D:8)
  Duvessa (D:4)
  A sky beast (D:5)
  8 orc warriors
  4 black bears
  4 ogres
  A necrophage (D:6)
  5 centaurs
  A phantom (D:7)
  3 kobold brigands
  8 bullfrogs
  A bullfrog (shapeshifter) (Gauntlet)
  Dowan (D:4)
  A scorpion (D:6)
  3 gnoll sergeants
  A water moccasin skeleton (D:5)
  10 killer bees
  9 wights
  A vampire bat (D:5)
  5 howler monkeys
  5 centaur zombies
  A hound (D:5)
  Crazy Yiuf (D:3)
  5 orc priests
  Jessica (D:3)
  An iguana (D:4)
  10 orc wizards
  Natasha (thrice) (D:2)
  A hound zombie (D:4)
  Robin (D:4)
  17 gnolls
  A howler monkey skeleton (D:5)
  6 adders
  A river rat (Sewer)
  A shadow imp (Gauntlet)
  2 white imps
  2 ufetubi (Gauntlet)
  An adder skeleton (D:4)
  2 worms
  4 dart slugs
  3 fire bats (D:5)
  44 orcs
  2 spectral bats (D:5)
  3 bat skeletons (D:5)
  A bat zombie (D:5)
  9 endoplasms
  5 giant cockroaches
  17 goblins
  7 hobgoblins
  8 jackals
  5 quokkas
  13 ball pythons
  10 bats
  A bat simulacrum (D:5)
  2 frilled lizards
  12 kobolds
  12 rats
329 creatures vanquished.

Vanquished Creatures (others)
  2 orcs (D:9)
  58 fungi (D:8)
  56 plants
116 creatures vanquished.

Grand Total: 445 creatures vanquished

Notes
Turn   | Place    | Note
-------+----------+-------------------------------------------
     0 | D:1      | belegose the Formicid Fighter began the quest for the Orb.
     0 | D:1      | Reached XP level 1. HP: 18/18 MP: 1/1
   334 | D:1      | Reached XP level 2. HP: 24/24 MP: 2/2
  1208 | D:2      | Noticed Natasha
  1222 | D:2      | Killed Natasha
  1223 | D:2      | Reached XP level 3. HP: 3/30 MP: 3/3
  1502 | D:2      | Reached skill level 1 in Throwing
  1510 | D:2      | Reached XP level 4. HP: 35/37 MP: 4/4
  1704 | D:2      | Noticed Natasha
  1729 | D:2      | Killed Natasha
  2316 | D:2      | Reached XP level 5. HP: 37/42 MP: 5/5
  2407 | D:2      | Noticed Natasha
  2416 | D:2      | Killed Natasha
  2809 | D:3      | Found a stormy altar of Qazlal.
  3304 | D:3      | Found a glowing silver altar of Zin.
  3309 | D:3      | Became a worshipper of Zin the Law-Giver
  3309 | D:3      | Reached * piety under Zin
  3333 | D:3      | Found a runed translucent door.
  3334 | D:3      | Noticed Crazy Yiuf
  3378 | D:3      | Noticed an ogre
  3734 | D:3      | Found a faded altar of an unknown god.
  3762 | D:3      | Noticed Jessica
  3765 | D:3      | Killed Jessica
  3766 | D:3      | Reached skill level 5 in Shields
  3766 | D:3      | Reached XP level 6. HP: 40/49 MP: 6/6
  4056 | D:4      | Found a broken altar of Ashenzari.
  4094 | D:4      | Reached skill level 1 in Stealth
  4176 | D:4      | Found Zouvus's Jewellery Shoppe.
  4342 | D:4      | Noticed Robin
  4377 | D:4      | Killed Robin
  4410 | D:4      | Found a glowing drain.
  4422 | Sewer    | Entered a sewer
  4665 | Sewer    | Reached skill level 1 in Evocations
  4833 | Sewer    | Found a glowing silver altar of Zin.
  5071 | D:4      | Reached XP level 7. HP: 54/55 MP: 7/7
  5191 | D:4      | Noticed Dowan
  5192 | D:4      | Noticed Duvessa
  5218 | D:4      | Killed Duvessa
  5229 | D:4      | Killed Dowan
  5230 | D:4      | Reached skill level 5 in Fighting
  5230 | D:4      | Reached skill level 1 in Short Blades
  5569 | D:4      | Reached skill level 5 in Armour
  5916 | D:3      | Found a faded altar of an unknown god.
  5971 | D:3      | Found a glowing silver altar of Zin.
  6002 | D:3      | Found a runed translucent door.
  6220 | D:3      | Found a stormy altar of Qazlal.
  6276 | D:3      | Reached XP level 8. HP: 62/62 MP: 8/8
  6371 | D:3      | Killed Crazy Yiuf
  6733 | D:5      | Entered Level 5 of the Dungeon
  6873 | D:5      | Found a sacrificial altar of Ru.
  7069 | D:5      | Reached ** piety under Zin
  7838 | D:6      | Reached XP level 9. HP: 61/69 MP: 9/9
  7927 | D:6      | Reached *** piety under Zin
  8092 | D:6      | Found Zoru's Armour Shop.
  8116 | D:6      | Found a runed translucent door.
  8120 | D:6      | Noticed ISoar's ghost (novice MiFi)
  8139 | D:6      | Found an opulent altar of Gozag.
  8278 | D:6      | Noticed Sigmund
  8304 | D:6      | Killed Sigmund
  8305 | D:6      | Reached skill level 5 in Stealth
  8403 | D:6      | Identified the +1 robe of Uwyxonuo {Str+2}
  8415 | D:6      | Found a white marble altar of Elyvilon.
  8694 | D:7      | Noticed a troll
  8731 | D:6      | Killed a troll
  8827 | D:7      | Found a flagged portal.
  8831 | Bailey   | Entered a bailey
  9384 | Bailey   | Noticed an orc knight
 10378 | Bailey   | Reached **** piety under Zin
 10408 | Bailey   | Identified the ring "Ihodel" {rPois MP+9 Int+6 Dex+2}
 10680 | Bailey   | Reached skill level 5 in Throwing
 10819 | D:6      | Reached XP level 10. HP: 63/77 MP: 10/10
 10932 | D:7      | Reached skill level 5 in Evocations
 11345 | D:7      | Reached ***** piety under Zin
 11759 | D:7      | Found a staircase to the Ecumenical Temple.
 11766 | Temple   | Entered the Ecumenical Temple
 11842 | D:7      | Reached skill level 1 in Maces & Flails
 11885 | D:7      | Found a faded altar of an unknown god.
 11885 | D:7      | Found a hazy altar of Hepliaklqana.
 11885 | D:7      | Found a faded altar of an unknown god.
 11887 | D:7      | Found a faded altar of an unknown god.
 11971 | D:7      | Found a bloodstained altar of Trog.
 12307 | D:8      | Found a glowing golden altar of the Shining One.
 13196 | D:8      | Noticed a komodo dragon
 13210 | D:8      | Found a staircase to the Lair.
 13235 | D:8      | Killed a komodo dragon
 13237 | D:8      | Reached skill level 1 in Invocations
 13251 | D:8      | Reached XP level 11. HP: 76/84 MP: 11/11
 13856 | D:8      | Found the +6 shillelagh "Devastator" {shatter}
 14039 | D:9      | Found a radiant altar of Vehumet.
 14848 | D:10     | Entered Level 10 of the Dungeon
 14911 | D:10     | Found a shimmering blue altar of Sif Muna.
 15117 | D:10     | Found a shadowy altar of Dithmenos.
 15154 | D:10     | Found Xaegif's Armour Shop.
 15359 | D:10     | Found an iron altar of Okawaru.
 15553 | D:10     | Noticed Joseph
 15574 | D:10     | Killed Joseph
 15933 | D:11     | Noticed a boulder beetle
 15954 | D:11     | Killed a boulder beetle
 16211 | D:11     | Found a shimmering altar of Xom.
 16231 | D:11     | Reached XP level 12. HP: 94/94 MP: 15/15
 17216 | D:11     | Found a staircase to the Orcish Mines.
 17351 | D:6      | Bought the +3 pair of gauntlets of War {Slay+5} for 570
                  | gold pieces
 17351 | D:6      | Found the +3 pair of gauntlets of War {Slay+5}
 17514 | D:12     | Noticed a four-headed hydra
 17522 | D:11     | Killed a four-headed hydra
 17599 | D:12     | Reached skill level 5 in Invocations
 17612 | D:12     | Found Taivoel's Distillery.
 17619 | D:12     | Noticed an eight-headed hydra
 17622 | D:12     | Killed an eight-headed hydra
 17637 | D:12     | Found a gate leading to a gauntlet.
 17657 | Gauntlet | Entered a Gauntlet
 17657 | Gauntlet | Found a transporter.
 17658 | Gauntlet | Noticed a sixfirhy
 17871 | Gauntlet | Found a transporter.
 17873 | Gauntlet | Found a transporter.
 17884 | Gauntlet | Found a transporter.
 17887 | Gauntlet | Found a transporter.
 17897 | Gauntlet | Found a transporter.
 17914 | Gauntlet | Found a transporter.
 17925 | Gauntlet | Found a transporter.
 17928 | Gauntlet | Noticed a two-headed ogre
 17928 | Gauntlet | a moth of wrath changed into a two-headed ogre
 17929 | Gauntlet | a two-headed ogre changed into an eye of devastation
 17936 | Gauntlet | Found a transporter.
 17938 | Gauntlet | Noticed a death drake
 17938 | Gauntlet | a mana viper changed into a death drake
 17942 | Gauntlet | a death drake changed into an eye of devastation
 17951 | Gauntlet | Found a transporter.
 17964 | Gauntlet | Found a transporter.
 17965 | Gauntlet | Found a transporter.
 18002 | Gauntlet | Noticed an ettin
 18006 | Gauntlet | Noticed a six-headed hydra
 18006 | Gauntlet | an ettin changed into a six-headed hydra
 18007 | Gauntlet | Found a transporter.
 18007 | Gauntlet | Noticed a satyr
 18007 | Gauntlet | a six-headed hydra changed into a satyr
 18008 | Gauntlet | Noticed a fire dragon
 18008 | Gauntlet | a satyr changed into a fire dragon
 18010 | Gauntlet | Noticed a swamp dragon
 18010 | Gauntlet | a golden eye changed into a swamp dragon
 18014 | Gauntlet | Noticed an ettin
 18014 | Gauntlet | a fire dragon changed into an ettin
 18016 | Gauntlet | an ettin changed into a slime creature
 18019 | Gauntlet | Noticed a deep troll
 18019 | Gauntlet | a slime creature changed into a deep troll
 18020 | Gauntlet | a deep troll changed into a water nymph
 18024 | Gauntlet | Found a transporter.
 18026 | Gauntlet | a swamp dragon changed into a shining eye
 18075 | Gauntlet | Noticed a swamp dragon
 18075 | Gauntlet | an elephant changed into a swamp dragon
 18078 | Gauntlet | Noticed a deep troll
 18078 | Gauntlet | a swamp dragon changed into a deep troll
 18079 | Gauntlet | a deep troll changed into a glowing shapeshifter
 18080 | Gauntlet | Noticed a sea snake
 18080 | Gauntlet | a glowing shapeshifter changed into a sea snake
 18151 | Gauntlet | Noticed an acid blob
 18151 | Gauntlet | Noticed an iron giant
 18151 | Gauntlet | an acid blob changed into an iron giant
 18154 | Gauntlet | Noticed a golden dragon
 18154 | Gauntlet | an iron giant changed into a golden dragon
 18156 | Gauntlet | Noticed a stone giant
 18156 | Gauntlet | a golden dragon changed into a stone giant
 18161 | Gauntlet | Noticed a sphinx
 18161 | Gauntlet | a stone giant changed into a sphinx
 18165 | Gauntlet | Noticed a quicksilver dragon
 18165 | Gauntlet | a sphinx changed into a quicksilver dragon
 18168 | Gauntlet | Noticed a fire giant
 18168 | Gauntlet | a quicksilver dragon changed into a fire giant
 18170 | Gauntlet | Noticed an azure jelly
 18170 | Gauntlet | a fire giant changed into an azure jelly
 18172 | Gauntlet | Noticed a fire giant
 18172 | Gauntlet | an azure jelly changed into a fire giant
 18181 | Gauntlet | Killed a fire giant
 18191 | Gauntlet | Identified the amulet "Uppan" {Acrobat Rampage Int+4}
 18326 | Gauntlet | Identified the +6 quarterstaff of Laor Zim {antimagic,
                  | rElec rN+}
 18326 | Gauntlet | Noticed a minotaur
 18360 | Gauntlet | Hit by a silver javelin thrown by a minotaur

Illustrated notes

Levels and vault maps discovered:
D:1:      minmay_arrival_diagonal_passages, layout_basic,
          minmay_misc_feat_more_columns, fountainhead
D:2:      layout_loops_ring, minmay_pentomino_u4, uniq_natasha
D:3:      layout_loops_corners, nicolae_qazlal_scattered_showers,
          lemuel_crystal_altar, hellmonk_ecumenical_altar_heavens_door,
          uniq_crazy_yiuf_cottage, uniq_jessica
D:4:      minmay_razor_zed, layout_basic, mainiacjoe_overflow_brackets,
          portal_sewer_entry_a, serial_shops, nicolae_lakefront_shop,
          uniq_robin, uniq_duvessa
D:5:      layout_loops_ring, nicolae_overflow_hidden_temple, goddamned_bats
D:6:      layout_rooms, elyvilon_altar_5, mainiacjoe_overflow_catwalk,
          ebering_ghost_sewer_d, serial_shops, kennysheep_little_box,
          uniq_sigmund
D:7:      layout_loops_ring, pf_just_have_faith,
          nicolae_hepliaklqana_ecumenical_no_more,
          minmay_temple_entry_purple_smoke, enter_bailey_4
D:8:      layout_loops_ring, tso_altar, due_lair_maze_entry_diamond
D:9:      layout_loops_ring, mainiacjoe_overflow_small_starburst
D:10:     layout_roguey, mainiacjoe_overflow_alcove_2, grunt_dithmenos_smoke,
          okawaru_metal_pillars_1_2, serial_shops, nicolae_diamond_shop,
          uniq_joseph
D:11:     layout_loops_corners, orc_0_dummy, xom_teletrap_fun
D:12:     layout_loops_ring, serial_shops, kennysheep_mini_moat,
          gauntlet_entry_generic
Temple:   compressed_dpeg_triangle_lava_temple
Gauntlet: minmay_gauntlet_77_tree [minmay_gauntlet_arena_77_hold_the_fort,
          minmay_gauntlet_arena_77_tiled_triplets,
          minmay_gauntlet_arena_77_braids, minmay_gauntlet_arena_77_checkered,
          minmay_gauntlet_arena_77_block_sizes, minmay_gauntlet_arena_77_mirror,
          minmay_gauntlet_arena_77_broken_ladder, gauntlet_exit_hidden_loot]

Skill      XL: |  1  2  3  4  5  6  7  8  9 10 11 12 |
---------------+-------------------------------------+-----
Shields        | 4 5 6 7 8 9 |  9.9
Throwing       | 1 2 3 4 5 6 7 |  7.7
Fighting       | 4 5 6 7 8 9 |  9.1
Armour         | 4 5 6 7 8 9 |  9.0
Stealth        | 2 3 4 6 7 8 9 |  9.5
Evocations     | 1 2 3 4 6 7 8 |  8.0
Short Blades   | 1 2 3 |  3.0
Maces & Flails | 2 3 4 |  4.3
Invocations    | 1 4 5 |  5.5
Staves         | |  2.0

Action                   |  1- 3 |  4- 6 |  7- 9 | 10-12 || total
-------------------------+-------+-------+-------+-------++-------
Melee: Quarterstaff      |    65 |   237 |    21 |       ||   323
       Dagger            |       |    31 |   239 |   361 ||   631
       Mace              |       |       |    93 |    40 ||   133
       Spear             |       |       |   139 |       ||   139
       Short sword       |       |       |       |    17 ||    17
       Shillelagh        |       |       |       |   258 ||   258
Throw: Stone             |       |     4 |       |       ||     4
       Dart              |       |       |    22 |    10 ||    32
Invok: Recite            |       |       |     2 |     2 ||     4
       Sanctuary         |       |       |       |     1 ||     1
 Abil: Dig               |       |     1 |       |     3 ||     4
Evoke: Wand              |       |       |       |     6 ||     6
  Use: Potion            |       |       |     1 |     3 ||     4
       Scroll            |       |       |     7 |     8 ||    15
Armor: Chain mail        |    24 |   129 |   232 |       ||   385
       Crystal plate arm |       |       |     2 |   340 ||   342
Dodge: Dodged            |    11 |    58 |    83 |    34 ||   186
Block: Kite shield       |    35 |   150 |    44 |       ||   229
       Tower shield      |       |       |   465 |   580 ||  1045
